 Dungeon Crawl Stone Soup version 0.25.1-1-g288607f5aa (webtiles) character file.

Game seed: 3463212228823966404

65 Descartes the Scratcher (level 3, -2/18 HPs)
             Began as a Felid Wanderer on July 28, 2020.
             Slain by an adder (5 damage)
             ... on level 1 of the Dungeon.
             The game lasted 00:02:37 (2335 turns).

Descartes the Scratcher (Felid Wanderer)            Turns: 2335, Time: 00:02:37

Health: -2/18      AC:  1    Str:  9    XL:     3   Next: 94%
Magic:  5/5        EV: 18    Int: 15    God:
Gold:   78         SH:  0    Dex: 13    Spells: 2/2 levels left
                                        Lives:  0   Deaths: 0

rFire    . . .     SeeInvis +     - Unarmed
rCold    . . .     Gourm    .   (shield unavailable)
rNeg     . . .     Faith    .   (armour unavailable)
rPois    .         Spirit   .   (helmet unavailable)
rElec    .         Reflect  .   (cloak unavailable)
rCorr    .         Harm     .   (gloves unavailable)
MR       .....                  (boots unavailable)
Stlth    +++.......             (no amulet)
HPRegen  0.06/turn              (no ring)
MPRegen  0.09/turn              (no ring)

@: lethally poisoned (-2 -> -10), quick
A: very small, no armour, no weapons or thrown items, stealth, claws 1, fangs 3,
see invisible, carnivore, speed 1, shaggy fur 1, slow metabolism 1, sharp paws
a: no special abilities


You were on level 1 of the Dungeon.
You were completely stuffed.

You visited 1 branch of the dungeon, and saw 2 of its levels.

You collected 78 gold pieces.

Inventory:

Missiles
 e - 49 stones
Scrolls
 a - a scroll of fear
 b - a scroll of blinking
 c - 2 scrolls of teleportation
 g - a scroll of immolation {unknown}
 h - 2 scrolls of identify {unknown}
 j - a scroll of enchant armour {unknown}
Potions
 d - 3 potions of curing
 i - a potion of degeneration {unknown}
Comestibles
 f - 4 rations
 k - 3 chunks of flesh


   Skills:
 - Level 4.0 Fighting
 + Level 3.3 Dodging
 + Level 3.6 Stealth
 - Level 4.0 Unarmed Combat
   Level 2.1 Evocations


You had 2 spell levels left.
You didn't know any spells.
Your spell library was empty.

Dungeon Overview and Level Annotations

Branches:
Dungeon (2/15)

Altars:

Annotations:
D:2 Natasha


Innate Abilities, Weirdness & Mutations

You cannot wear armour.
You are incapable of wielding weapons or throwing items.
Your paws allow you to move quietly. (Stealth)
You have sharp claws.
You have razor-sharp teeth.
You have supernaturally acute eyesight. (SInv)
You are carnivorous and can eat meat at any time.
You cover ground quickly.
You are covered in fur. (AC +1)
You have a slow metabolism.
Your sharp claws are effective at attacking unaware monsters.


Message History

Natasha mumbles some strange words.
You feel troubled. The adder barely misses you.
You feel sick.
You feel sick.
* * * LOW HITPOINT WARNING * * *
You feel sick. The bat hits you but does no damage.
* * * LOW HITPOINT WARNING * * *
You feel sick. The bat hits you but does no damage.
There is a stone staircase leading up here.
The bat completely misses you. The adder closely misses you.
The bat misses you. The adder misses you.
You climb upwards.
* * * LOW HITPOINT WARNING * * *
You feel sick.
There is a stone staircase leading down here.
You scratch the adder.
The adder is severely wounded.
The adder bites you.
You die...

####..........#.........##.#.###
#.............#.........##.#.#
#....########.#..........#.#.#
#....# #.#..........#.#.###
#....# #...#.######.#.#....
#....# ##..#.# #.#.##### #....#
#..#.# #.#.# #....# ##.#.# #.#.#
#....# ######@#'######'#.#
#....# #....S.....#......#####
#.[..# #..........#......'....
###### #.......)..#...รท..#####
#..........#......#
#..........#......#
#..........#......#
######'#'###......# #.#.#
####'###


You could see an adder.

Vanquished Creatures
  Natasha (D:2)
  An ooze (D:1)
  2 dart slugs (D:1)
  A leopard gecko (D:1)
  2 goblins (D:1)
  6 hobgoblins
  5 jackals (D:1)
  2 kobolds (D:1)
  2 bats
  2 frilled lizards
  9 rats (D:1)
33 creatures vanquished.

Notes
Turn   | Place    | Note
-------+----------+-------------------------------------------
     0 | D:1      | Descartes the Felid Wanderer began the quest for the Orb.
     0 | D:1      | Descartes set off with the following items: a scroll of
                  | fear, a scroll of blinking, a scroll of teleportation, a
                  | potion of curing, a ration
     0 | D:1      | Reached XP level 1. HP: 11/11 MP: 3/3
    31 | D:1      | Reached skill level 1 in Dodging
    31 | D:1      | Reached skill level 1 in Stealth
   314 | D:1      | Reached XP level 2. HP: 15/15 MP: 4/4
  1140 | D:1      | Reached XP level 3. HP: 18/18 MP: 5/5
  1424 | D:2      | Noticed Natasha
  1873 | D:2      | Killed Natasha
  2318 | D:2      | Noticed Natasha
  2335 | D:1      | Slain by an adder

Illustrated notes

Levels and vault maps discovered:
D:1:      elethiomel_arrival_infinity_welcomes_careful_drivers, layout_basic
D:2:      layout_rooms, nicolae_ru_path_of_blood,
          grunt_temple_overflow_cloverleaf, uniq_crazy_yiuf_cottage,
          uniq_natasha

Skill      XL: |  1  2  3 |
---------------+----------+-----
Dodging        | 1 2 3 |  3.3
Stealth        | 1 2 3 |  3.6
Fighting       | |  4.0
Unarmed Combat | |  4.0
Evocations     | |  2.1

Action                   || total
-------------------------++-------
Melee: Unarmed           ||    94
       Bite              ||     3
       Punch             ||     1
 Stab: Sleeping          ||     6
  Eat: Chunk             ||    10
Armor: Skin              ||     7
Dodge: Dodged            ||    78
